Map: Automaton LE

Players

Matiz

  • Race: Zerg Zerg
  • League: Grandmaster
  • Spawn Location: 9:00

Lambo - Winner!

  • Race: Zerg Zerg
  • League: Master
  • Spawn Location: 3:00

VOD

Have the link to the VOD?

Description

Time

  • Played on: Dec. 8, 2018, 9:30 a.m.
  • Length: 8:40
Show
View Real Time Build Order
Export as new Build Order

Matiz Zerg 

Build Orders: 1 Base Baneling Bust, Pool First 

Get SALT Encoding   

  12  0:01  Drone  
  13  0:12  Extractor  
  12  0:26  Spawning Pool  
  11  0:29  Drone  
  11  0:34  Drone  
  13  0:39  Drone  
  14  0:52  Overlord  
  14  1:13  Metabolic Boost, Zergling x2  
  14  1:14  Zergling x2  
  14  1:16  Zergling x2  
  17  1:25  Zergling x2  
  18  1:34  Baneling Nest  
  18  1:37  Zergling x2  
  18  1:46  Zergling x2  
  19  1:57  Zergling x2  
  20  2:08  Zergling x2  
  21  2:17  Hatchery  
  21  2:20  Baneling  
  20  2:25  Baneling  
  20  2:28  Drone  
  21  2:31  Baneling  
  20  2:48  Drone x2  
  21  3:02  Overlord  
  21  3:20  Drone x2, Queen  
  21  3:26  Drone  
  26  3:29  Queen  
  28  3:42  Drone x2  
  28  3:45  Drone x2  
  32  4:09  Hatchery  
  31  4:10  Overlord  
  31  4:11  Drone x2  
  33  4:21  Overlord  
  33  4:22  Drone x2  
  35  4:28  Overlord  
  35  4:33  Drone  
  35  4:34  Drone  
  35  4:35  Baneling x3  
  35  4:37  Drone  
  38  4:46  Baneling  
  38  4:48  Drone x2  
  38  4:49  Drone  
  39  5:03  Zergling x6  
  42  5:14  Hatchery  
  42  5:17  Roach Warren  
  42  5:19  Extractor  
  40  5:22  Zergling x6  
  40  5:24  Baneling x3  
  40  5:27  Overlord x2  
  43  5:35  Baneling x2  
  43  5:37  Drone x3  
  43  5:49  Drone  
  42  5:50  Drone x3  
  42  5:51  Drone  
  42  5:52  Drone x2  
  47  5:58  Overlord x2  
  47  6:14  Roach x3  
  53  6:19  Roach x2  
  53  6:20  Roach x2  
  60  6:35  Roach x2  
  60  6:36  Roach  
  60  6:38  Queen  
  67  6:48  Roach x3  
  67  6:50  Zergling x14  
  79  6:55  Baneling  
  79  7:03  Overlord  
  79  7:04  Zergling x2  
  79  7:05  Zergling x4  
  82  7:12  Zergling x2  
  82  7:13  Zergling x6  
  82  7:17  Baneling x5  
  82  7:20  Zergling x4  
  82  7:21  Zergling x6  
  87  7:23  Baneling  
  87  7:25  Baneling  
  82  7:40  Zergling x12  
  86  7:47  Drone  
  87  7:52  Zergling x8  
  87  7:53  Zergling x4  
  86  8:01  Baneling x4  
  61  8:16  Zergling x2  
  61  8:17  Zergling x14  
  52  8:25  Drone x4  
  52  8:26  Drone x3  
  54  8:27  Drone  
Show
View Real Time Build Order
Export as new Build Order

Lambo Zerg - Winner!

Build Orders: Hatch First 

Get SALT Encoding   

  12  0:01  Drone  
  13  0:13  Overlord  
  13  0:21  Drone  
  14  0:31  Drone x2  
  16  0:49  Hatchery  
  15  0:52  Drone  
  15  0:56  Drone  
  17  1:00  Drone  
  18  1:10  Extractor  
  17  1:15  Spawning Pool  
  17  1:18  Drone  
  17  1:22  Drone  
  18  1:28  Drone  
  19  1:40  Drone  
  20  2:03  Zergling x6  
  20  2:04  Queen x2  
  27  2:09  Spine Crawler  
  27  2:11  Metabolic Boost  
  27  2:15  Zergling x2  
  27  2:19  Zergling x2  
  27  2:32  Baneling Nest  
  27  2:35  Zergling x2  
  27  2:39  Zergling x4  
  26  2:54  Zergling x2  
  26  2:59  Zergling x4  
  26  3:04  Overlord  
  28  3:12  Overlord  
  28  3:17  Baneling x3  
  26  3:24  Drone x2  
  27  3:39  Drone, Evolution Chamber  
  27  3:45  Hatchery  
  26  3:54  Queen  
  28  4:05  Zergling x6  
  31  4:10  Zergling x2  
  32  4:20  Zerg Ground Armor Level 1  
  32  4:30  Overlord  
  32  4:33  Drone x2  
  32  4:35  Baneling  
  32  4:36  Baneling  
  34  4:39  Baneling  
  34  4:44  Drone  
  35  4:57  Drone x2  
  35  5:08  Drone x4  
  39  5:21  Baneling x2  
  39  5:22  Zergling x4  
  41  5:33  Drone x2, Hatchery  
  42  5:40  Drone  
  41  5:48  Drone x2  
  41  5:49  Drone x4  
  45  5:54  Zergling x2  
  43  5:59  Queen  
  43  6:02  Zergling x4  
  43  6:03  Baneling x2  
  47  6:07  Zergling x2  
  48  6:15  Zerg Melee Weapons Level 1, Zergling x6  
  51  6:20  Overlord  
  51  6:29  Overlord, Roach Warren  
  50  6:37  Overlord  
  49  6:43  Spine Crawler x3, Zergling x4  
  47  6:50  Drone x2  
  47  6:54  Zergling x8  
  53  7:03  Zergling x8  
  53  7:04  Zergling x2  
  58  7:11  Zergling x10  
  62  7:21  Zergling x8  
  62  7:22  Overlord  
  65  7:28  Overlord  
  65  7:33  Overlord  
  65  7:34  Roach x2  
  68  7:38  Overlord  
  68  7:43  Overlord  
  67  7:45  Overlord  
  67  7:47  Roach  
  67  7:50  Roach  
  70  7:54  Roach  
  70  7:56  Baneling x3  
  71  7:58  Roach  
  71  7:59  Roach  
  71  8:02  Roach  
  71  8:09  Roach x2  
  71  8:10  Roach  
  70  8:13  Roach  
  70  8:16  Roach  
  70  8:18  Zergling x2  
  67  8:22  Zergling x4  
Tags
 
Add a new tag
Caveats
  • Supply blocks, unpowered buildings, or Contaminate may cause inaccurate times.
  • Supply counts are checked every 10 seconds.